 Dungeon Crawl Stone Soup version 0.27-a0-1078-g0d77da13b5 (webtiles) character file.

Game seed: 16248697258759302374

15 Ars06 the Insei (level 2, 0/22 HPs)
             Began as a Djinni Transmuter on Apr 25, 2021.
             Slain by a hobgoblin (1 damage)
             ... on level 1 of the Dungeon.
             The game lasted 00:05:59 (1012 turns).

Ars06 the Insei (Djinni Transmuter)                 Turns: 1012, Time: 00:05:59

Health: 0/22       AC:  2    Str:  9    XL:     2   Next: 50%
Gold:   51         EV: 12    Int: 14    God:
                   SH:  0    Dex: 13

rFire    + + .     SeeInvis .     - Unarmed
rCold    x . .     Faith    .   (no shield)
rNeg     . . .     Spirit   .   a - +0 robe
rPois    ∞         Reflect  .   (no helmet)
rElec    .         Harm     .   (no cloak)
rCorr    .         Rampage  .   (no gloves)
Will     .....                  (boots unavailable)
Stlth    +.........             (no amulet)
HPRegen  0.07/turn              (no ring)
MPRegen  0.00/turn              (no ring)

@: flying
A: fire resistance 2, cold vulnerability 1, float, innate caster, hp casting,
extra vitality 1
a: no special abilities


You were on level 1 of the Dungeon.
You visited 1 branch of the dungeon, and saw 1 of its levels.

You collected 51 gold pieces.

Inventory:

Armour
 a - a +0 robe (worn)
Scrolls
 b - a scroll of vulnerability {unknown}
Potions
 c - a potion of attraction {unknown}


   Skills:
 + Level 1.4 Fighting
 + Level 2.4 Dodging
 + Level 3.1 Unarmed Combat
 + Level 2.0 Spellcasting


You couldn't memorise any spells.
You knew the following spells:

 Your Spells              Type           Power      Damage    Failure   Level
a - Beastly Appendage     Tmut           14%        N/A       10%         1
b - Wereblood             Tmut           7%         N/A       16%         2
c - Spider Form           Tmut/Pois      3%         N/A       30%         3
d - Ice Form              Ice/Tmut       7%         N/A       69%         4
e - Hydra Form            Tmut           3%         N/A       95%         5
Your spell library was empty.

Dungeon Overview and Level Annotations

Branches:
Dungeon (1/15)

Altars:


Innate Abilities, Weirdness & Mutations

You are immune to poison.
Your flesh is very heat resistant. (rF++)
You are vulnerable to cold. (rC-)
You float through the air rather than walking.
You learn spells naturally, not from books.
Your magical power is your life essence.
You have superior vitality. (+4 HP)


Message History

Casting: Beastly Appendage (safe; 10% risk of failure)
Confirm with . or Enter, or press ? or * to list all spells.
You aren't experienced enough to cast this spell.
You see here a +0 club.
Found an escape hatch in the floor.
c - a metallic orange potion Unknown command.
Welcome back, Ars06 the Djinni Transmuter.
Press ? for a list of commands and other information.
You now have 51 gold pieces (gained 18).
A goblin comes into view. It is wielding a +0 club.
The goblin shouts!
You hear a shout!
A goblin is nearby!
A hobgoblin comes into view.
The hobgoblin shouts!
You hear a shout!
A goblin comes into view. It is wielding a +0 dagger.
An endoplasm comes into view.
The goblin misses you. The goblin hits you but does no damage.
The goblin closely misses you. The hobgoblin misses you.
A bat comes into view.
The goblin barely misses you.
A goblin comes into view. It is wielding a +0 dagger.
The hobgoblin hits you. The goblin closely misses you. The goblin misses you.
The hobgoblin hits you but does no damage.
The endoplasm quivers.
The goblin hits you with a +0 dagger. The goblin hits you with a +0 club.
The hobgoblin barely misses you.
The goblin shouts!
The goblin hits you with a +0 dagger. The goblin closely misses you.
The hobgoblin hits you. The goblin hits you with a +0 dagger.
* * * LOW HITPOINT WARNING * * *
The goblin hits you with a +0 club.
* * * LOW HITPOINT WARNING * * *
The hobgoblin barely misses you. The goblin barely misses you.
The goblin completely misses you. The hobgoblin hits you.
You die...

.# .. . .# ..# ### .#
.... .. .# .....#b#.#
#.g..g..# #.Jg@#####
#...# #.#g.....# #...#
#..###.# #...#
.#..###.# #...#
........#####...####
#.##.>...............
.)....................
#.#..#.................
#. ..##.#.######...####


You could see an endoplasm, a hobgoblin, 3 goblins and a bat.

Vanquished Creatures
  A dart slug (D:1)
  2 endoplasms (D:1)
  A giant cockroach (D:1)
  A hobgoblin (D:1)
  A quokka (D:1)
  2 ball pythons (D:1)
  2 bats (D:1)
  A goblin (D:1)
  A kobold (D:1)
  A rat (D:1)
13 creatures vanquished.

Notes
Turn   | Place    | Note
-------+----------+-------------------------------------------
     0 | D:1      | Ars06 the Djinni Transmuter began the quest for the Orb.
     0 | D:1      | Reached XP level 1. HP: 17/17 MP: 0/0
   412 | D:1      | Reached XP level 2. HP: 21/22 MP: 0/0
   528 | D:1      | Found a faded altar of an unknown god.
  1011 | D:1      | HP: 1/22 [goblin/+0 club (4)]
  1012 | D:1      | Slain by a hobgoblin

Illustrated notes

Levels and vault maps discovered:
D:1:      tarquinn_simple_flora_water_d, layout_loops_cross,
          basic_ecumenical_altar, minmay_misc_feat_nine_boxes, st_stairs_6,
          hangedman_decor_growths, minmay_hexomino_c4

Skill      XL: |  1  2 |
---------------+-------+-----
Spellcasting   | 2 |  2.0
Fighting       | |  1.4
Dodging        | |  2.4
Unarmed Combat | |  3.1

Action                   || total
-------------------------++-------
Melee: Unarmed           ||    55
       Punch             ||     1
       Headbutt          ||     3
 Cast: Beastly Appendage ||     5
Armor: Robe              ||    19
Dodge: Dodged            ||    51

Table legend: (Time is in decaauts)
 A = Elapsed time spent in this place.
 B = Non-inter-level travel time spent in this place.
 C = Inter-level travel time spent in this place.
 D = Time resting spent in this place.
 E = Time spent auto-exploring this place.
 F = Levels seen in this place.
 G = Mean time per level.
                   A        B        C        D        E       F      G
               +--------+--------+--------+--------+--------+-----+--------+
         Total |   1008 |    991 |     17 |      0 |    867 |   1 | 1008.0 |
       Dungeon |   1008 |    991 |     17 |      0 |    867 |   1 | 1008.0 |
               +--------+--------+--------+--------+--------+-----+--------+

Top non-repeatable levels by time:
     D:1: 1008 daAuts
